[Event "Titled Tuesday Blitz March 07 Early 2023"]
[White "Bruned, Boris"]
[Black "Sadubayev, Airat"]
[WhiteFideId "621790"]
[BlackFideId "13713264"]
[WhiteElo "2049"]
[BlackElo "2129"]
[Result "0-1"]
[Round "07"]
[TimeControl "180+2"]
[Date "2023.03.07"]
[WhiteClock "0:00:07"]
[BlackClock "0:00:15"]

1. b3 d5 2. Bb2 c5 3. e3 Nc6 4. Bb5 Nf6 5. Nf3 Bg4 6. h3 Bh5 7. g4 Bg6 8. Ne5 Qc7 9. Bxc6+ bxc6 10. d3 e6 11. f4 Bd6 12. Nd2 O-O-O 13. Qf3 Rhg8 14. O-O-O Nd7 15. Nxd7 Qxd7 16. Rhf1 f6 17. e4 Bf7 18. e5 Be7 19. Kb1 Rgf8 20. Rde1 Kb7 21. a4 Rb8 22. Ka2 Ka8 23. Qe3 Qb7 24. Ba3 Qb6 25. f5 fxe5 26. fxe6 Bxe6 27. Qxe5 Bf6 28. Qxe6 Rfe8 29. Qd6 Red8 30. Qxc5 Qc7 31. Qd6 Rxd6 32. Bxd6 Qxd6 33. Re2 Qc5 34. Nb1 Qd4 35. c3 Qxd3 36. Rfe1 Qxh3 0-1


[Site "https://www.chess.com"]

[Event "Titled Tuesday Blitz March 07 Early 2023"]
[White "Zaksaite, Salomeja"]
[Black "Liu, Yi"]
[WhiteFideId "12801496"]
[BlackFideId "3210588"]
[WhiteElo "2059"]
[BlackElo "2264"]
[Result "1-0"]
[Round "07"]
[TimeControl "180+2"]
[Date "2023.03.07"]
[WhiteClock "0:00:27"]
[BlackClock "0:00:04"]

1. d4 d5 2. Nc3 Nf6 3. Bf4 c6 4. e3 Bf5 5. f3 e6 6. g4 Bg6 7. h4 h6 8. Bd3 Bxd3 9. cxd3 Bd6 10. Nh3 Bxf4 11. Nxf4 Nbd7 12. Qd2 c5 13. O-O-O Qa5 14. g5 cxd4 15. exd4 Ng8 16. g6 Rc8 17. Qe2 Rc6 18. Kb1 Ngf6 19. gxf7+ Kxf7 20. Qg2 Qb4 21. Qg6+ Kf8 22. Rhe1 e5 23. dxe5 Qxf4 24. exf6 Nxf6 25. Nxd5 Qxf3 26. Nxf6 1-0


[Site "https://www.chess.com"]

[Event "Titled Tuesday Blitz March 07 Early 2023"]
[White "Mikhaylova, Irina"]
[Black "Sarkar, Justin"]
[WhiteFideId "4109040"]
[BlackFideId "2010011"]
[WhiteElo "1966"]
[BlackElo "2189"]
[Result "1-0"]
[Round "07"]
[TimeControl "180+2"]
[Date "2023.03.07"]
[WhiteClock "0:00:45"]
[BlackClock "0:00:30"]

1. d4 Nf6 2. Nf3 d5 3. c4 e6 4. Nc3 Nbd7 5. Bg5 h6 6. Bh4 Be7 7. e3 O-O 8. Qc2 c6 9. a3 a6 10. Rd1 dxc4 11. Bxc4 b5 12. Ba2 Bb7 13. Bb1 Qb6 14. Ne5 Rfd8 15. Nxd7 Rxd7 16. Bxf6 Bxf6 17. Qh7+ Kf8 18. Ne4 c5 19. Nxc5 1-0


[Site "https://www.chess.com"]

[Event "Titled Tuesday Blitz March 07 Early 2023"]
[White "Valgmae, Toomas"]
[Black "Qashashvili, Alexandre"]
[WhiteFideId "4502523"]
[BlackFideId "13600842"]
[WhiteElo "2170"]
[BlackElo "2405"]
[Result "1/2-1/2"]
[Round "07"]
[TimeControl "180+2"]
[Date "2023.03.07"]
[WhiteClock "0:00:22"]
[BlackClock "0:00:38"]

1. d4 c6 2. c4 d5 3. Nf3 Nf6 4. Nc3 Bf5 5. cxd5 Nxd5 6. Qb3 Qb6 7. Qxb6 Nxb6 8. e4 Bg6 9. Bf4 e6 10. O-O-O N8d7 11. Bd3 O-O-O 12. Rhe1 h6 13. Bc2 Be7 14. b3 Ba3+ 15. Kb1 Rhe8 16. g4 f6 17. Bg3 Nf8 18. Nh4 Bh7 19. Ng2 Bd6 20. f4 Ba3 21. f5 exf5 22. gxf5 g6 23. Nh4 gxf5 24. Nxf5 Bxf5 25. exf5 Bb4 26. Kb2 Rxe1 27. Bxe1 Re8 28. a3 Bxc3+ 29. Bxc3 Nd5 30. Bd2 Re2 31. Bxh6 Nh7 32. Rd2 Re1 33. Rg2 Ng5 34. Bxg5 fxg5 35. Rxg5 Re2 36. Kc1 Rxh2 37. Be4 Rf2 38. Bxd5 cxd5 39. Kd1 Kd7 40. Ke1 Rf4 41. Ke2 Rxd4 42. Ke3 Rd1 43. Rg7+ Kc6 44. f6 Rf1 45. f7 Kd6 46. Kd4 Rf4+ 47. Ke3 Rf1 48. f8=Q+ Rxf8 49. Rxb7 Ra8 50. Kd4 Kc6 51. Rh7 Rb8 52. b4 a5 53. bxa5 Rb5 54. Rh6+ Kb7 55. Rb6+ Rxb6 56. axb6 Kxb6 57. Kxd5 Kb5 58. a4+ Kxa4 1/2-1/2


[Site "https://www.chess.com"]

[Event "Titled Tuesday Blitz March 07 Early 2023"]
[White "Tarnowska, Aleksandra"]
[Black "Vifleemskaia, Svetlana"]
[WhiteFideId "1180967"]
[BlackFideId "4129490"]
[WhiteElo "1776"]
[BlackElo "1930"]
[Result "0-1"]
[Round "07"]
[TimeControl "180+2"]
[Date "2023.03.07"]
[WhiteClock "0:00:01"]
[BlackClock "0:01:19"]

1. e4 e5 2. Nf3 Nc6 3. Bb5 a6 4. Ba4 Nf6 5. O-O Be7 6. Re1 b5 7. Bb3 d6 8. h3 O-O 9. c3 Nd7 10. d4 Bf6 11. Be3 Na5 12. Bc2 Nc4 13. dxe5 Nxe3 14. Rxe3 Nxe5 15. Nbd2 Bb7 16. Nxe5 Bxe5 17. Qg4 Qf6 18. Rf3 Qg6 19. Qxg6 hxg6 20. g3 g5 21. Re3 g6 22. Nf3 Bf6 23. Nh2 Rfe8 24. Ng4 Bg7 25. Rae1 Rad8 26. f4 gxf4 27. gxf4 Kf8 28. f5 gxf5 29. exf5 Rxe3 30. Rxe3 Re8 31. Rxe8+ Kxe8 32. f6 Bh8 33. Bf5 Bf3 34. Bc8 a5 35. Ba6 b4 36. cxb4 axb4 37. Bb5+ Kf8 38. b3 Bxg4 39. hxg4 Bxf6 40. Bc6 Ke7 41. Kf2 Ke6 42. Kf3 Ke5 43. Be4 Bg5 44. Bf5 c6 45. Bd7 Kd5 46. Be8 f6 47. Bf7+ Kd4 48. Be8 c5 49. Bg6 d5 50. Bf7 c4 51. bxc4 dxc4 52. Be6 Kc3 53. Ke2 b3 54. axb3 cxb3 55. Kd1 Kb2 0-1


[Site "https://www.chess.com"]

[Event "Titled Tuesday Blitz March 07 Early 2023"]
[White "Fernandez Siles, Luis"]
[Black "Michalski, Olaf"]
[WhiteFideId "2209420"]
[BlackFideId "1106740"]
[WhiteElo "2186"]
[BlackElo "2173"]
[Result "1-0"]
[Round "07"]
[TimeControl "180+2"]
[Date "2023.03.07"]
[WhiteClock "0:00:26"]
[BlackClock "0:00:02"]

1. d4 d6 2. e4 Nc6 3. d5 Nb8 4. f4 c6 5. dxc6 Nxc6 6. Nf3 Nf6 7. Bd3 Qb6 8. Nc3 Bg4 9. h3 Bxf3 10. Qxf3 e6 11. Bd2 O-O-O 12. O-O-O d5 13. exd5 Nxd5 14. Nxd5 Rxd5 15. Be4 Rd8 16. Bc3 Rxd1+ 17. Rxd1 f6 18. f5 e5 19. Bd5 Bc5 20. Be6+ Kb8 21. Rd7 Rd8 22. Qd5 Rxd7 23. Qxd7 Qd8 24. Kd2 Qxd7+ 25. Bxd7 Kc7 26. Bxc6 Kxc6 27. g4 Kd5 28. b3 Ke4 29. Ke2 h5 30. Bd2 hxg4 31. hxg4 Bg1 32. c4 Bh2 33. b4 Bf4 34. c5 Bxd2 35. Kxd2 Kd4 36. a3 Kc4 37. Ke3 a6 38. Ke4 Kb3 39. g5 Kxa3 40. g6 Kxb4 41. Kd5 a5 42. Ke6 e4 43. Kf7 e3 44. Kxg7 e2 45. Kf7 e1=Q 46. g7 1-0


[Site "https://www.chess.com"]

[Event "Titled Tuesday Blitz March 07 Early 2023"]
[White "Ciuffoletti, Paolo"]
[Black "Fabris, Alberto"]
[WhiteFideId "807630"]
[BlackFideId "801348"]
[WhiteElo "2143"]
[BlackElo "2143"]
[Result "0-1"]
[Round "07"]
[TimeControl "180+2"]
[Date "2023.03.07"]
[WhiteClock "0:00:54"]
[BlackClock "0:01:17"]

1. e4 c5 2. d4 cxd4 3. c3 d3 4. Bxd3 Nc6 5. c4 g6 6. Nc3 Bg7 7. Nf3 d6 8. O-O Nf6 9. h3 O-O 10. Be3 a6 11. Qd2 Re8 12. Rac1 Qa5 13. Nd5 Qxd2 14. Nxd2 Nxd5 15. cxd5 Ne5 16. Be2 f5 17. f4 Nf7 18. exf5 Bxf5 19. g4 Bc8 20. Rc7 Bxb2 21. Rb1 Bg7 22. Nc4 b5 23. Nb6 Rb8 24. Rbc1 Bb7 25. Nd7 Bxd5 26. Nxb8 Rxb8 27. Rxe7 Bxa2 28. Ra1 Bxa1 29. f5 gxf5 30. gxf5 Bf6 31. Ra7 Bc4 32. Bf3 b4 0-1


[Site "https://www.chess.com"]

[Event "Titled Tuesday Blitz March 07 Early 2023"]
[White "Burke, John F"]
[Black "Kaplan, Avi Harrison"]
[WhiteFideId "2052970"]
[BlackFideId "30934559"]
[WhiteElo "2227"]
[BlackElo "1983"]
[Result "0-1"]
[Round "07"]
[TimeControl "180+2"]
[Date "2023.03.07"]
[WhiteClock "0:01:25"]
[BlackClock "0:00:25"]

1. d4 d6 2. c4 g6 3. Nc3 Bg7 4. e4 f5 5. f3 e5 6. Nge2 fxe4 7. fxe4 exd4 8. Nxd4 Nf6 9. Bg5 O-O 10. Be2 h6 11. Bh4 Qe8 12. O-O Nxe4 13. Rxf8+ Kxf8 14. Nd5 Na6 15. Nb5 Qe5 16. Ndxc7 Nxc7 17. Nxc7 Qc5+ 18. Kh1 Qxc7 0-1


[Site "https://www.chess.com"]

[Event "Titled Tuesday Blitz March 07 Early 2023"]
[White "Biriukov, Ilja"]
[Black "Cella, Glaucio Dalla Cortt"]
[WhiteFideId "4113373"]
[BlackFideId "2119455"]
[WhiteElo "2426"]
[BlackElo "2011"]
[Result "0-1"]
[Round "07"]
[TimeControl "180+2"]
[Date "2023.03.07"]
[WhiteClock "0:00:22"]
[BlackClock "0:00:51"]

1. c4 c5 2. Nc3 Nc6 3. g3 g6 4. Bg2 Bg7 5. e3 Nf6 6. Nge2 O-O 7. O-O d6 8. b3 e5 9. Bb2 Be6 10. d3 Rb8 11. Nd5 h5 12. Nec3 Ng4 13. h3 Nh6 14. Kh2 f5 15. f4 Kh7 16. a3 a6 17. Qc2 h4 18. b4 hxg3+ 19. Kxg3 exf4+ 20. Nxf4 Be5 21. Nd5 Bf7 22. Kf2 Bxb2 23. Qxb2 Ne5 24. Qc2 g5 25. Ne2 b5 26. d4 Nxc4 27. bxc5 g4 28. Kg1 Bxd5 29. Bxd5 Nxe3 30. Qa2 Qh4 31. Nf4 Nxf1 32. Rxf1 dxc5 33. dxc5 gxh3 34. c6 Ng4 35. Qe2 Rbe8 36. Be6 Rxe6 37. Qxe6 Qg3+ 0-1


[Site "https://www.chess.com"]

[Event "Titled Tuesday Blitz March 07 Early 2023"]
[White "Gheorghiu, Calin"]
[Black "Chabris, Christopher"]
[WhiteFideId "1200305"]
[BlackFideId "2005263"]
[WhiteElo "2223"]
[BlackElo "2206"]
[Result "1-0"]
[Round "07"]
[TimeControl "180+2"]
[Date "2023.03.07"]
[WhiteClock "0:00:33"]
[BlackClock "0:00:41"]

1. e4 c5 2. Nf3 Nc6 3. Bb5 e5 4. c3 d6 5. d4 cxd4 6. cxd4 Bd7 7. d5 Nce7 8. a4 Nf6 9. Nc3 g6 10. O-O Bg7 11. Re1 O-O 12. a5 Bxb5 13. Nxb5 Qd7 14. Qb3 h6 15. Bd2 a6 16. Na3 Nh5 17. Nc4 Nc8 18. Rac1 f5 19. exf5 Qxf5 20. Be3 Nf4 21. Bxf4 Qxf4 22. Ncd2 Ne7 23. Qxb7 Rae8 24. Rc7 Nf5 25. Re4 Rb8 26. Qa7 Ra8 27. Qb6 Rfb8 28. Rb7 1-0


[Site "https://www.chess.com"]

[Event "Titled Tuesday Blitz March 07 Early 2023"]
[White "Vargas Rodriguez, Wilver"]
[Black "Quirke, Jeffrey"]
[WhiteFideId "3509672"]
[BlackFideId "2013029"]
[WhiteElo "2238"]
[BlackElo "2205"]
[Result "1-0"]
[Round "07"]
[TimeControl "180+2"]
[Date "2023.03.07"]
[WhiteClock "0:00:11"]
[BlackClock "0:00:01"]

1. e4 g6 2. h4 h5 3. d4 Bg7 4. Be3 d6 5. Nf3 a6 6. Qd2 Nd7 7. Bc4 e6 8. Bb3 b6 9. Ng5 Ndf6 10. Nc3 Ne7 11. f3 b5 12. O-O-O Bd7 13. e5 Nh7 14. exd6 cxd6 15. Nce4 Qc7 16. Bf4 Nf5 17. Qb4 Nxg5 18. Nxd6+ Nxd6 19. Bxd6 Bf8 20. Bxf8 Rxf8 21. hxg5 O-O-O 22. Kb1 Bc6 23. c4 Qb7 24. Rc1 Kb8 25. cxb5 Qxb5 26. Qc3 Bb7 27. Qe3 Qd7 28. Rhd1 Ka8 29. Rc3 Rc8 30. Rdc1 Rxc3 31. Rxc3 Rc8 32. Qe5 Rxc3 33. bxc3 Qc6 34. Kb2 Ka7 35. Qf6 Qc7 36. a4 Qg3 37. Qxf7 Qxg2+ 38. Ka3 Qxg5 39. Qxe6 Qc1+ 40. Kb4 a5+ 41. Kxa5 1-0


[Site "https://www.chess.com"]

[Event "Titled Tuesday Blitz March 07 Early 2023"]
[White "Carrasco Miranda, Andres"]
[Black "Hartikainen, Jarmo"]
[WhiteFideId "3405990"]
[BlackFideId "503134"]
[WhiteElo "2183"]
[BlackElo "2196"]
[Result "1-0"]
[Round "07"]
[TimeControl "180+2"]
[Date "2023.03.07"]
[WhiteClock "0:00:20"]
[BlackClock "0:00:02"]

1. d4 Nf6 2. c4 g6 3. g3 Bg7 4. Bg2 d5 5. cxd5 Nxd5 6. Nc3 Nxc3 7. bxc3 O-O 8. Nf3 c5 9. O-O cxd4 10. cxd4 Nc6 11. Be3 Bg4 12. Ne5 Nxe5 13. dxe5 Bxe5 14. Rb1 Qxd1 15. Rfxd1 Bxe2 16. Rd7 Ba6 17. Bxb7 Rab8 18. Bxa7 Rxb7 19. Rbxb7 Bxb7 20. Rxb7 Bd6 21. a4 Ra8 22. a5 Kf8 23. g4 Ke8 24. h4 Kd8 25. Bb6+ Kc8 26. Ra7 Rxa7 27. Bxa7 Kb7 28. Bb6 Ka6 29. Kg2 Bb4 30. Bd8 e6 31. Kf3 Bxa5 32. Bxa5 Kxa5 33. Ke4 Kb5 34. Ke5 f5 35. g5 Kc4 36. Kxe6 f4 37. Ke5 f3 38. Ke4 Kc5 39. Kxf3 Kd5 40. Kf4 Kd4 41. Kf3 Kd5 42. Ke3 Ke5 43. f4+ Kd5 44. f5 gxf5 45. Kf4 Ke6 46. h5 Kf7 47. Kxf5 Kg7 48. Ke6 Kg8 49. Kf6 Kf8 50. g6 hxg6 51. hxg6 Kg8 52. g7 1-0


[Site "https://www.chess.com"]

[Event "Titled Tuesday Blitz March 07 Early 2023"]
[White "Rios Escobar, Adan"]
[Black "Sabar, Ethmane Daouda"]
[WhiteFideId "3403645"]
[BlackFideId "19600097"]
[WhiteElo "2369"]
[BlackElo "1950"]
[Result "1-0"]
[Round "07"]
[TimeControl "180+2"]
[Date "2023.03.07"]
[WhiteClock "0:00:11"]
[BlackClock "0:00:09"]

1. d4 d5 2. Nf3 e6 3. g3 c6 4. c4 dxc4 5. Bg2 Nf6 6. Ne5 Nbd7 7. Nxc4 Be7 8. O-O O-O 9. Nc3 Nb6 10. Na5 Nbd5 11. Nc4 Nxc3 12. bxc3 c5 13. Rb1 cxd4 14. cxd4 Qc7 15. Qb3 Rd8 16. Bf4 Qd7 17. Rfd1 Nd5 18. Bc1 f5 19. Ne5 Qe8 20. e4 fxe4 21. Bxe4 Bf6 22. Qc2 Qh5 23. g4 Qh3 24. Qe2 Bd7 25. Rb3 Qh4 26. Kg2 Bxe5 27. dxe5 g6 28. Rh3 Qe7 29. g5 Bc6 30. Kf1 Rf8 31. Rdd3 Nf4 32. Bxf4 Rxf4 33. Bxc6 bxc6 34. Rhg3 Rf5 35. h4 Rd8 36. Rxd8+ Qxd8 37. Rd3 Qe7 38. Rd6 Rf8 39. Qc4 Re8 40. Qxc6 Qf8 41. Rxe6 Rxe6 42. Qxe6+ Kg7 43. Qf6+ Qxf6 44. exf6+ Kf7 45. Ke2 a6 46. Kd3 a5 47. Kc4 a4 48. Kb4 a3 49. Kxa3 Ke6 50. Kb4 h6 51. Kc5 hxg5 52. hxg5 Kf7 53. Kd6 Kg8 54. Ke7 Kh7 55. f7 Kg7 56. f8=Q+ Kh7 57. Qf7+ Kh8 58. Qf6+ Kh7 59. f4 Kg8 60. f5 Kh7 61. fxg6+ Kg8 62. Qf7+ 1-0


[Site "https://www.chess.com"]

[Event "Titled Tuesday Blitz March 07 Early 2023"]
[White "Mushini Ajay"]
[Black "Gamage, Wanshini Vidusama"]
[WhiteFideId "35066188"]
[BlackFideId "9953752"]
[WhiteElo "2145"]
[BlackElo "2175"]
[Result "0-1"]
[Round "07"]
[TimeControl "180+2"]
[Date "2023.03.07"]
[WhiteClock "0:00:17"]
[BlackClock "0:00:55"]

1. e4 c5 2. Nf3 d6 3. d4 cxd4 4. Nxd4 Nf6 5. Nc3 a6 6. Be3 e5 7. Nb3 Be7 8. h3 h6 9. Qf3 b5 10. a4 b4 11. Na2 Nc6 12. Bc4 Be6 13. Bxe6 fxe6 14. O-O O-O 15. Qe2 a5 16. f3 Nh5 17. Rfd1 Nf4 18. Qc4 Qc8 19. c3 bxc3 20. Nxc3 Bg5 21. Bxf4 Bxf4 22. Rxd6 Nb4 23. Qxe6+ Qxe6 24. Rxe6 Rfd8 25. Kf2 Nd3+ 26. Ke2 Nxb2 27. Nd5 Rab8 28. Ra3 Nc4 29. Ne7+ Kh7 30. Nc6 Nxa3 31. Nxd8 Rxd8 32. Rc6 Rb8 33. Rc3 Nb1 34. Rd3 Rb4 35. Nxa5 Rxa4 36. Nb3 Ra2+ 37. Kf1 Nd2+ 38. Nxd2 Rxd2 39. Rxd2 Bxd2 40. Ke2 Bc3 41. Ke3 h5 42. f4 exf4+ 43. Kxf4 Kg6 44. h4 Be1 45. g3 Bd2+ 46. Kf3 Kf6 47. g4 hxg4+ 48. Kxg4 Kg6 49. h5+ Kh6 50. e5 Bc3 51. e6 Bf6 52. Kf5 Kxh5 53. Kf4 Kg6 54. Ke4 Be7 55. Kd5 Kf6 56. Ke4 Kxe6 0-1


[Site "https://www.chess.com"]

[Event "Titled Tuesday Blitz March 07 Early 2023"]
[White "Kiseleva, Arina"]
[Black "Liu, Kelsey"]
[WhiteFideId "4164989"]
[BlackFideId "30944481"]
[WhiteElo "1756"]
[BlackElo "2283"]
[Result "0-1"]
[Round "07"]
[TimeControl "180+2"]
[Date "2023.03.07"]
[WhiteClock "0:00:02"]
[BlackClock "0:01:04"]

1. d4 Nf6 2. Nf3 e6 3. e3 d5 4. Bd3 Be7 5. Nbd2 O-O 6. O-O c5 7. b3 Nc6 8. Bb2 Bd7 9. Ne5 Re8 10. Qf3 Qc7 11. Qh3 Nb4 12. f4 Nxd3 13. cxd3 Bb5 14. a4 Ba6 15. Rac1 Qa5 16. Ndf3 Rac8 17. Ng5 Rf8 18. Nxe6 fxe6 19. Qxe6+ Kh8 20. Qxe7 Qd2 21. Qe6 Rce8 22. Nf7+ Rxf7 23. Qxf7 Qxb2 24. Rxc5 Qe2 25. Rc7 Qxe3+ 26. Kh1 Rg8 27. h3 Bxd3 28. Rfc1 Be4 29. Rc8 Qxh3+ 30. Kg1 Qxg2# 0-1


[Site "https://www.chess.com"]

[Event "Titled Tuesday Blitz March 07 Early 2023"]
[White "Osuna Vega, Enrique"]
[Black "Clawitter, Craig"]
[WhiteFideId "2219549"]
[BlackFideId "2023105"]
[WhiteElo "2171"]
[BlackElo "2278"]
[Result "0-1"]
[Round "07"]
[TimeControl "180+2"]
[Date "2023.03.07"]
[WhiteClock "0:00:06"]
[BlackClock "0:00:15"]

1. e4 e6 2. d4 d5 3. Nc3 Bb4 4. Ne2 dxe4 5. a3 Be7 6. Nxe4 Nf6 7. N2g3 Nc6 8. Be3 O-O 9. c3 e5 10. dxe5 Nxe5 11. Qxd8 Rxd8 12. Be2 Nd3+ 13. Bxd3 Rxd3 14. Ke2 Rd8 15. Rhd1 Bd7 16. Nxf6+ Bxf6 17. Ne4 Bb5+ 18. Ke1 Be7 19. Rxd8+ Rxd8 20. Rd1 Bc6 21. Rxd8+ Bxd8 22. f3 b6 23. Nd2 Kf8 24. Bf4 Bd5 25. Ke2 Ke7 26. Kd3 Ke6 27. c4 Bb7 28. b4 h6 29. Nb3 g5 30. Be3 f5 31. Nd4+ Kf6 32. Nb5 a6 33. Nc3 f4 34. Bd4+ Kf5 35. h3 h5 36. c5 g4 37. hxg4+ hxg4 38. Ke2 Be7 39. cxb6 cxb6 40. Bxb6 gxf3+ 41. gxf3 Bf6 42. Nd1 Bc6 43. Nf2 Bb2 44. Bc5 Bxa3 45. b5 Bxb5+ 0-1


[Site "https://www.chess.com"]

[Event "Titled Tuesday Blitz March 07 Early 2023"]
[White "Abrosimov, Vladimir"]
[Black "Johnson, Ben"]
[WhiteFideId "4166892"]
[BlackFideId "2010917"]
[WhiteElo "2336"]
[BlackElo "2148"]
[Result "1-0"]
[Round "07"]
[TimeControl "180+2"]
[Date "2023.03.07"]
[WhiteClock "0:00:51"]
[BlackClock "0:00:54"]

1. c4 e5 2. Nc3 Nf6 3. g3 d5 4. cxd5 Nxd5 5. Bg2 Nb6 6. d3 Be7 7. Nf3 Nc6 8. O-O O-O 9. a3 a5 10. e3 Be6 11. d4 exd4 12. Nxd4 Nxd4 13. Qxd4 Qxd4 14. exd4 c6 15. Bf4 Nc4 16. d5 Bd7 17. dxc6 Bxc6 18. Rab1 Bxg2 19. Kxg2 Rfd8 20. Rfd1 Rxd1 21. Nxd1 Rd8 22. Ne3 Nd2 23. Rd1 a4 24. Nf5 Bf6 25. Rxd2 Rxd2 26. Bxd2 Bxb2 27. Bb4 g6 28. Nd6 b6 29. Nc4 Bd4 30. f4 f5 31. Bd2 Kf7 32. Be3 Bxe3 33. Nxe3 Ke6 34. Kf3 Kd6 35. Ke2 Kc5 36. Kd3 b5 37. Nc2 Kd5 38. Nb4+ Kc5 39. Kc3 1-0


[Site "https://www.chess.com"]

[Event "Titled Tuesday Blitz March 07 Early 2023"]
[White "laurynaszaveckis"]
[Black "Bongo Akanga Ndjila, Barthelemy"]
[BlackFideId "10609431"]
[WhiteElo "2268"]
[BlackElo "1768"]
[Result "0-1"]
[Round "07"]
[TimeControl "180+2"]
[Date "2023.03.07"]
[WhiteClock "0:00:04"]
[BlackClock "0:00:28"]

1. d4 d5 2. Bf4 Nf6 3. e3 e6 4. c3 Bd6 5. Bg3 O-O 6. Nf3 c5 7. Ne5 Qc7 8. f4 Ne4 9. Nd2 b6 10. Bd3 Bb7 11. Bxe4 dxe4 12. O-O f6 13. Nec4 cxd4 14. Nxd6 Qxd6 15. cxd4 f5 16. Nc4 Qb4 17. Qb3 Qxb3 18. axb3 Bd5 19. Rfc1 Nd7 20. Nd6 Bxb3 21. Rc7 Nf6 22. Raxa7 Rxa7 23. Rxa7 Nd5 24. Bf2 Rd8 25. Nf7 Rc8 26. g4 Bd1 27. gxf5 Bf3 28. h3 exf5 29. Nd6 Rc1+ 30. Kh2 Rh1+ 31. Kg3 h6 32. Ne8 g5 33. fxg5 hxg5 34. Ng7 f4+ 0-1


[Site "https://www.chess.com"]

[Event "Titled Tuesday Blitz March 07 Early 2023"]
[White "Thiel, Thomas"]
[Black "Prieto Aranguren, Alain"]
[WhiteFideId "4615964"]
[BlackFideId "2268906"]
[WhiteElo "2239"]
[BlackElo "2209"]
[Result "0-1"]
[Round "07"]
[TimeControl "180+2"]
[Date "2023.03.07"]
[WhiteClock "0:01:27"]
[BlackClock "0:00:55"]

1. e4 c6 2. d4 d5 3. exd5 cxd5 4. c4 Nf6 5. Nc3 Nc6 6. Bg5 dxc4 7. Bxc4 Qxd4 8. Qxd4 Nxd4 9. O-O-O e5 10. f4 Be6 11. Bxe6 Nxe6 12. fxe5 Nxg5 13. exf6 gxf6 14. Nd5 Rc8+ 15. Kb1 Be7 16. Ne2 Ne4 17. Rhf1 Rg8 18. g3 Rg5 19. Rf4 Re5 20. Rg4 Kf8 21. Nef4 f5 22. Nxe7 Rxe7 23. Rh4 Rec7 24. Rxh7 Nd2+ 0-1


[Site "https://www.chess.com"]

[Event "Titled Tuesday Blitz March 07 Early 2023"]
[White "McLaren, Brian"]
[Black "Kriti Mayur Patel"]
[WhiteFideId "2604612"]
[BlackFideId "35061780"]
[WhiteElo "2132"]
[BlackElo "1306"]
[Result "0-1"]
[Round "07"]
[TimeControl "180+2"]
[Date "2023.03.07"]
[WhiteClock "0:01:19"]
[BlackClock "0:01:13"]

1. e4 e5 2. Bc4 Nf6 3. d3 Bc5 4. Nf3 d6 5. c3 c6 6. Nbd2 Nbd7 7. Bb3 Bb6 8. a4 a5 9. O-O h6 10. Nc4 Bc7 11. Ne3 Nf8 12. h3 Ng6 13. Re1 Nf4 14. Nf1 N6h5 15. d4 Qf6 16. Ng3 O-O 17. Nxh5 Nxh5 18. Nxe5 dxe5 19. Qxh5 exd4 20. Bd2 Be5 21. Rac1 Be6 22. Bc2 Rad8 23. cxd4 Bxd4 24. Be3 Bxb2 25. Rb1 Qc3 26. Re2 Bc4 27. Bb6 Bxe2 28. Qxe2 Rd2 0-1


[Site "https://www.chess.com"]

[Event "Titled Tuesday Blitz March 07 Early 2023"]
[White "Necula, Iulian"]
[Black "Blokhin, Sofia"]
[WhiteFideId "1232380"]
[BlackFideId "4508190"]
[WhiteElo "1790"]
[BlackElo "1994"]
[Result "0-1"]
[Round "07"]
[TimeControl "180+2"]
[Date "2023.03.07"]
[WhiteClock "0:00:04"]
[BlackClock "0:00:47"]

1. d4 f5 2. Nc3 e6 3. h4 Nf6 4. h5 Be7 5. Nf3 O-O 6. Bf4 d6 7. e3 Nc6 8. a3 b6 9. Bc4 Kh8 10. Ng5 d5 11. Bd3 Ne4 12. Nf3 Bd6 13. Ne5 Bxe5 14. dxe5 Nc5 15. g4 Nxd3+ 16. cxd3 d4 17. Ne2 Qd5 18. Rg1 Ba6 19. exd4 Nxd4 20. Nxd4 Qxd4 21. Be3 Qxe5 22. gxf5 exf5 23. d4 Qe4 24. Qa4 Qd3 25. Qd1 f4 26. Qxd3 Bxd3 27. Kd2 fxe3+ 28. Kxd3 exf2 29. Rgf1 Rae8 30. Rad1 Rf3+ 31. Kd2 Re4 32. Kc2 h6 33. Rd2 Ref4 34. d5 Kh7 35. a4 a5 36. b3 Rf6 37. Kd1 g6 38. hxg6+ Kxg6 39. Ke2 h5 40. Rd4 Kg5 41. Re4 h4 42. Re6 R6f5 0-1


[Site "https://www.chess.com"]

[Event "Titled Tuesday Blitz March 07 Early 2023"]
[White "Pissama Ntsaou, Martial"]
[Black "Tharushi, T H D Niklesha"]
[WhiteFideId "17400864"]
[BlackFideId "9918264"]
[WhiteElo "2065"]
[BlackElo "1596"]
[Result "1-0"]
[Round "07"]
[TimeControl "180+2"]
[Date "2023.03.07"]
[WhiteClock "0:01:52"]
[BlackClock "0:00:20"]

1. e4 c5 2. Nf3 d6 3. Bb5+ Bd7 4. Bxd7+ Nxd7 5. O-O Ngf6 6. Qe2 g6 7. c3 Bg7 8. d4 cxd4 9. cxd4 O-O 10. Nc3 e5 11. Bg5 h6 12. Bh4 g5 13. Bg3 Qe7 14. Rfd1 Rfe8 15. dxe5 dxe5 16. Rac1 a6 17. Nd5 Nxd5 18. Rxd5 Nb6 19. Rdc5 Rac8 20. Qe3 f6 21. Qb3+ Kh7 22. Qxb6 Rxc5 23. Qxc5 Rd8 24. Qxe7 1-0


[Site "https://www.chess.com"]

[Event "Titled Tuesday Blitz March 07 Early 2023"]
[White "Martinez, Shawn"]
[Black "Baruch, Liam"]
[WhiteFideId "2039770"]
[BlackFideId "14322064"]
[WhiteElo "2174"]
[BlackElo "2055"]
[Result "0-1"]
[Round "07"]
[TimeControl "180+2"]
[Date "2023.03.07"]
[WhiteClock "0:00:04"]
[BlackClock "0:00:13"]

1. e4 e5 2. Nf3 Nc6 3. d4 exd4 4. Nxd4 Bc5 5. Nb3 Bb6 6. Qe2 d6 7. Nc3 Nf6 8. Bg5 h6 9. Bh4 g5 10. Bg3 O-O 11. O-O-O Qe7 12. h4 g4 13. Qd2 Kh7 14. Bd3 Ne5 15. Nd5 Nxd5 16. exd5+ Nxd3+ 17. Qxd3+ f5 18. Rhe1 Qf6 19. Bf4 Bxf2 20. Re2 Bxh4 21. g3 Bg5 22. Rde1 Bxf4+ 23. gxf4 Bd7 24. Nd4 Rf7 25. Re6 Bxe6 26. Rxe6 Qh4 27. Nxf5 Qh1+ 28. Kd2 Qg2+ 29. Kc3 Qf3 30. Ne3+ Kg8 31. Rxh6 Rg7 0-1


[Site "https://www.chess.com"]

[Event "Titled Tuesday Blitz March 07 Early 2023"]
[White "Comas Fabrego, Lluis"]
[Black "Sanchez, Robert"]
[WhiteFideId "2200325"]
[BlackFideId "2034360"]
[WhiteElo "2523"]
[BlackElo "2305"]
[Result "1-0"]
[Round "07"]
[TimeControl "180+2"]
[Date "2023.03.07"]
[WhiteClock "0:00:05"]
[BlackClock "0:01:22"]

1. Nf3 Nf6 2. c4 g6 3. g3 Bg7 4. Bg2 O-O 5. O-O d6 6. d4 Nc6 7. Nc3 e5 8. d5 Ne7 9. c5 Nd7 10. cxd6 cxd6 11. e4 h6 12. a4 f5 13. Nd2 f4 14. Nc4 Nc5 15. b4 Na6 16. Ba3 Qc7 17. Qd3 Bd7 18. Rfc1 f3 19. Bf1 Rac8 20. Nb5 Bxb5 21. axb5 Nb8 22. Nxe5 Qd8 23. Rxc8 Nxc8 24. Nxg6 Bxa1 25. Nxf8 Qxf8 26. Qb1 Qf6 27. e5 Bxe5 28. Bd3 Nb6 29. Qc2 Qd8 30. h4 Qc7 31. Qd2 Kg7 32. Bc1 Qf7 33. Qxh6+ Kg8 34. Qg5+ Kf8 35. Qd8+ Qe8 36. Bh6+ Bg7 37. Bxg7+ Kxg7 38. Qxe8 1-0


[Site "https://www.chess.com"]

[Event "Titled Tuesday Blitz March 07 Early 2023"]
[White "Dilmukhametov, Artur"]
[Black "Burdalev, Kirill"]
[WhiteFideId "24179922"]
[BlackFideId "14121913"]
[WhiteElo "2199"]
[BlackElo "2236"]
[Result "0-1"]
[Round "07"]
[TimeControl "180+2"]
[Date "2023.03.07"]
[WhiteClock "0:00:35"]
[BlackClock "0:00:28"]

1. d4 Nf6 2. Nc3 d5 3. Bf4 c6 4. e3 Bf5 5. Nf3 e6 6. Ne5 h6 7. g4 Bh7 8. h4 Bb4 9. g5 Ne4 10. Rc1 Nxc3 11. bxc3 Bxc3+ 12. Ke2 Bf5 13. Bh3 Bxh3 14. Rxh3 hxg5 15. Bxg5 Qa5 16. Nd3 Nd7 17. Qg1 f6 18. Bf4 g5 19. Bg3 O-O-O 20. Qg2 g4 21. Rhh1 e5 22. dxe5 fxe5 23. Qh2 e4 24. Nf4 Qa6+ 25. Kd1 d4 26. Ne6 dxe3 27. fxe3 Ne5+ 28. Nxd8 Rxd8+ 0-1


[Site "https://www.chess.com"]